[Event "ICC tourney 1979 (3 2)"]
[Site "Internet Chess Club"]
[Date "2020.08.28"]
[Round "7"]
[White "blackjack721"]
[Black "jthebest"]
[Result "1-0"]
[ICCResult "Black checkmated"]
[WhiteElo "1321"]
[BlackElo "1230"]
[Opening "Two knights defense"]
[ECO "C55"]
[NIC "IG.01"]
[Time "21:32:36"]
[TimeControl "180+2"]

1. e4 e5 2. Nf3 Nc6 3. Bc4 Nf6 4. O-O Bc5 5. c3 O-O 6. b4 Bb6 7. a4 a6 8.
Re1 d6 9. d4 Bg4 10. Qd3 Qd7 11. Be3 Bxf3 12. gxf3 Qh3 13. Nd2 Ne7 14. Bg5
Ng6 15. Qf1 Qxf1+ 16. Nxf1 exd4 17. Bxf6 gxf6 18. Ng3 dxc3 19. Nf5 Kh8 20.
h4 Rg8 21. Bxf7 Rgf8 22. Bc4 c6 23. Kg2 d5 24. exd5 cxd5 25. Bxd5 Rad8 26.
Bb3 Rd2 27. Rf1 c2 28. Kg3 Rc8 29. h5 Ne5 30. f4 Rc3+ 31. Kh4 Nf3+ 32. Kg4
Rxb3 33. a5 Bd4 34. Nxd4 Rdd3 35. Nxf3 Rxf3 36. Rac1 Rfc3 37. h6 Kg8 38. f3
Kf7 39. Rf2 Kg6 40. Rfxc2 Rxf3 41. Rg2 Kxh6 42. f5 Rh3 43. Rc7 Rhc3 44. Rh2+
Rh3 45. Rxh3+ Rxh3 46. Kxh3 Kg5 47. Rxb7 Kxf5 48. Rxh7 Ke5 49. Rb7 f5 50.
Rb6 f4 51. Rxa6 Ke4 52. Ra8 f3 53. Rf8 Ke3 54. a6 f2 55. a7 Ke2 56. a8=Q
f1=Q+ 57. Rxf1 Kxf1 58. b5 Ke2 59. b6 Kd2 60. b7 Kd3 61. Kg4 Kc4 62. Kf5 Kc5
63. Ke6 Kc6 64. Qc8+ Kb6 65. b8=Q+ Ka5 66. Qc5+ Ka6 67. Qbb6# {Black
checkmated} 1-0

[Event "ICC tourney 1979 (3 2)"]
[Site "Internet Chess Club"]
[Date "2020.08.28"]
[Round "7"]
[White "cjcardoso"]
[Black "Kinawa"]
[Result "1-0"]
[ICCResult "Black checkmated"]
[WhiteElo "1425"]
[BlackElo "1468"]
[Opening "Caro-Kann: Steinitz variation"]
[ECO "B17"]
[NIC "CK.09"]
[Time "21:32:38"]
[TimeControl "180+2"]

1. e4 c6 2. d4 d5 3. Nc3 dxe4 4. Nxe4 Nd7 5. Bc4 Ngf6 6. Nxf6+ Nxf6 7. Nf3
Bf5 8. Bf4 e6 9. c3 Bd6 10. Bxd6 Qxd6 11. O-O O-O 12. Re1 Bg4 13. Qd3 Nd5
14. Ne5 Bf5 15. Qd2 Qd8 16. Bb3 Nf6 17. Qg5 h6 18. Qh4 Ne4 19. Rxe4 Bxe4 20.
Qxe4 Qg5 21. Nxf7 Rxf7 22. Bxe6 Rf8 23. Bxf7+ Rxf7 24. Qe8+ Rf8 25. Qe6+ Kh8
26. Qe3 Qf5 27. Re1 Qf6 28. f3 Qf5 29. Qe7 Rf7 30. Qe8+ Kh7 31. Qe4 Qxe4 32.
Rxe4 Kg6 33. Kf2 Kf5 34. Ke3 g5 35. h4 gxh4 36. Rf4+ Kg6 37. Rxf7 Kxf7 38.
Kf4 Kf6 39. Kg4 Kg6 40. Kxh4 h5 41. g4 hxg4 42. Kxg4 Kf6 43. Kf4 Ke6 44. Kg5
Kf7 45. Kf5 b6 46. f4 c5 47. d5 b5 48. d6 a5 49. Ke5 b4 50. f5 bxc3 51. bxc3
a4 52. c4 a3 53. f6 Ke8 54. Ke6 Kf8 55. d7 Kg8 56. d8=Q+ Kh7 57. Qe7+ Kh6
58. Kf5 Kh5 59. Qg7 Kh4 60. Qg4# {Black checkmated} 1-0

[Event "ICC tourney 1979 (3 2)"]
[Site "Internet Chess Club"]
[Date "2020.08.28"]
[Round "7"]
[White "Viking21"]
[Black "JGroder"]
[Result "1-0"]
[ICCResult "Black checkmated"]
[WhiteElo "1542"]
[BlackElo "1500"]
[Opening "Giuoco Piano"]
[ECO "C54"]
[NIC "IG.02"]
[Time "21:32:37"]
[TimeControl "180+2"]

1. e4 e5 2. Nf3 Nc6 3. Bc4 Bc5 4. c3 Nf6 5. d4 exd4 6. e5 d5 7. Bb5 Ne4 8.
cxd4 Bb6 9. h3 O-O 10. O-O f6 11. a4 fxe5 12. Bxc6 bxc6 13. Nxe5 a5 14. Nc3
Ba6 15. Nxe4 dxe4 16. Qb3+ Qd5 17. Qxd5+ cxd5 18. Rd1 Rae8 19. Be3 Rf5 20.
Rac1 h5 21. g4 hxg4 22. hxg4 Rfxe5 23. dxe5 Bc4 24. Bxb6 cxb6 25. Rc3 Rxe5
26. b3 Be2 27. Rc8+ Kh7 28. Rdc1 Bxg4 29. Rb8 Re6 30. Rc7 d4 31. Rcc8 d3 32.
Rd8 Bf5 33. Kf1 Rc6 34. Ke1 Kg6 35. Kd2 Rc2+ 36. Ke3 Re2+ 37. Kf4 Rxf2+ 38.
Kg3 Re2 39. Rxb6+ Kg5 40. Rbd6 Re3+ 41. Kf2 Kf4 42. Rd4 Re2+ 43. Kf1 Ke3 44.
R4d5 Bh3+ 45. Kg1 d2 46. Rd4 Re1+ 47. Kh2 d1=Q 48. Rxd1 Rxd1 49. Rxd1 Be6
50. Rg1 Bxb3 51. Rg3+ Kd4 52. Rxb3 e3 53. Kg2 Kc4 54. Rxe3 Kb4 55. Re4+ Kb3
56. Kg3 g6 57. Kg4 Ka3 58. Kg5 Kb3 59. Kxg6 Ka3 60. Kf5 Kb3 61. Ke5 Kc3 62.
Kd5 Kb3 63. Rh4 Ka3 64. Kc5 Kb3 65. Kb5 Ka3 66. Kxa5 Kb3 67. Kb6 Ka3 68. a5
Kb3 69. a6 Kb2 70. a7 Kb3 71. a8=Q Kb2 72. Qc8 Kb3 73. Qc4+ Kb2 74. Qd3 Ka1
75. Qd2 Kb1 76. Rh1# {Black checkmated} 1-0

[Event "ICC tourney 1979 (3 2)"]
[Site "Internet Chess Club"]
[Date "2020.08.28"]
[Round "7"]
[White "clair"]
[Black "Baggs"]
[Result "0-1"]
[ICCResult "White checkmated"]
[WhiteElo "1250"]
[BlackElo "1242"]
[Opening "Queen's pawn"]
[ECO "A40"]
[NIC "QO.17"]
[Time "21:33:16"]
[TimeControl "180+2"]

1. d4 e6 2. Bf4 d5 3. e3 c5 4. c3 Nc6 5. Nd2 Nf6 6. Bd3 cxd4 7. exd4 Bd6 8.
Bxd6 Qxd6 9. Ngf3 O-O 10. O-O Ne7 11. Re1 Ng6 12. Ne5 Nd7 13. Nxg6 hxg6 14.
Nf3 Nf6 15. Ne5 Nd7 16. f4 Nf6 17. Qf3 Bd7 18. Rf1 Bc6 19. Nxc6 bxc6 20.
Rae1 c5 21. dxc5 Qxc5+ 22. Kh1 Rab8 23. Re2 Rb6 24. h3 Rfb8 25. Rff2 d4 26.
cxd4 Qxd4 27. b3 a5 28. Bc4 a4 29. Rd2 Qa1+ 30. Rf1 Qxf1+ 31. Qxf1 axb3 32.
Bxb3 Ne4 33. Rd7 Ng3+ 34. Kg1 Nxf1 35. Kxf1 R8b7 36. Rxb7 Rxb7 37. Kf2 Kf8
38. g3 Ke7 39. h4 f6 40. Kf3 Rc7 41. Ke2 Rc3 42. Kf2 e5 43. fxe5 fxe5 44.
Bg8 Kf6 45. Bb3 e4 46. Bd5 e3+ 47. Kf3 g5 48. hxg5+ Kxg5 49. g4 Kf6 50. Bg8
Ke5 51. Bf7 Kd4 52. g5 Kd3 53. Bh5 e2 54. Kf2 Rc2 55. Bg6+ Kd2 56. Bxc2
e1=Q+ 57. Kf3 Qe3+ 58. Kg4 Kxc2 59. a4 Qa7 60. Kf5 Qxa4 61. Kg6 Qd4 62. Kf7
Qe5 63. g6 Qf6+ 64. Kg8 Qxg6 65. Kf8 Qf6+ 66. Kg8 g6 67. Kh7 g5 68. Kg8 g4
69. Kh7 g3 70. Kg8 g2 71. Kh7 Qf7+ 72. Kh6 Qf6+ 73. Kh7 Qh4+ 74. Kg8 g1=Q+
75. Kf7 Qa7+ 76. Ke6 Qh6+ 77. Kd5 Qa5+ 78. Kc4 Qf4# {White checkmated} 0-1

[Event "ICC tourney 1979 (3 2)"]
[Site "Internet Chess Club"]
[Date "2020.08.28"]
[Round "8"]
[White "shrey16ultimate"]
[Black "ChessMonkey123"]
[Result "1-0"]
[ICCResult "Black checkmated"]
[WhiteElo "1477"]
[BlackElo "1354"]
[Opening "Queen's pawn: London system"]
[ECO "A45"]
[NIC "QP.07"]
[Time "21:45:03"]
[TimeControl "180+2"]

1. d4 Nf6 2. Bf4 d5 3. e3 e6 4. Nf3 c5 5. c3 Nc6 6. Nbd2 cxd4 7. exd4 Bd6 8.
Bg3 O-O 9. Bd3 h5 10. Ne5 Qc7 11. Ndf3 Ng4 12. O-O Ngxe5 13. Nxe5 Nxe5 14.
dxe5 Bxe5 15. Qxh5 Bxg3 16. Qh7# {Black checkmated} 1-0

[Event "ICC tourney 1979 (3 2)"]
[Site "Internet Chess Club"]
[Date "2020.08.28"]
[Round "8"]
[White "kushagra12"]
[Black "QueenHM"]
[Result "1-0"]
[ICCResult "Black checkmated"]
[WhiteElo "1357"]
[BlackElo "1360"]
[Opening "Pirc: Byrne variation"]
[ECO "B07"]
[NIC "PU.09"]
[Time "21:45:02"]
[TimeControl "180+2"]

1. e4 d6 2. d4 Nf6 3. Nc3 g6 4. Bg5 Bg7 5. e5 dxe5 6. dxe5 Qxd1+ 7. Rxd1 Ng4
8. f4 O-O 9. h3 Nh6 10. Nf3 Re8 11. Nd5 f6 12. Bxh6 Bxh6 13. Nxc7 Bxf4 14.
Nxe8 Kf7 15. Nc7 Bf5 16. Nxa8 Na6 17. Bd3 Bxd3 18. cxd3 fxe5 19. O-O Kg7 20.
d4 exd4 21. Nxd4 Be5 22. Ne6+ Kh6 23. g4 Nb4 24. Rde1 Bg7 25. g5+ Kh5 26.
Nxg7+ Kxg5 27. Re5+ Kh6 28. Ne8 Nd3 29. Rxe7 Nxb2 30. Rff7 Nc4 31. Rxh7+ Kg5
32. h4+ Kg4 33. Re4+ Kf3 34. Rxc4 b5 35. Rf7+ Ke3 36. Rc3+ Kd2 37. Rff3 b4
38. Rfd3+ Ke2 39. Rb3 a5 40. Rf3 a4 41. Rfe3+ Kd2 42. Rbd3+ Kc2 43. Nb6 b3
44. axb3 axb3 45. Rxb3 g5 46. h5 g4 47. Rbd3 g3 48. Rc3+ Kb2 49. Rcd3 Kc2
50. h6 g2 51. h7 Kc1 52. h8=Q Kc2 53. Qc3+ Kb1 54. Rd1+ Ka2 55. Re2#
{Black checkmated}
1-0

[Event "ICC tourney 1979 (3 2)"]
[Site "Internet Chess Club"]
[Date "2020.08.28"]
[Round "8"]
[White "VirginiaGuy"]
[Black "ztraynor"]
[Result "1-0"]
[ICCResult "Black checkmated"]
[WhiteElo "1251"]
[BlackElo "1059"]
[Opening "Dutch"]
[ECO "A80"]
[NIC "HD.12"]
[Time "21:44:59"]
[TimeControl "180+2"]

1. d4 f5 2. e3 e6 3. f4 Nf6 4. Nf3 Be7 5. Bd3 O-O 6. O-O d5 7. Ne5 Nbd7 8.
Nd2 Nxe5 9. fxe5 Ng4 10. Nf3 Bg5 11. Nxg5 Qxg5 12. Qe1 Qh6 13. Qg3 Bd7 14.
e4 fxe4 15. Bxh6 Rxf1+ 16. Rxf1 exd3 17. Qxg4 g6 18. cxd3 Bb5 19. Rf3 b6 20.
Qxe6+ Kh8 21. Qf6+ Kg8 22. Qg7# {Black checkmated} 1-0

[Event "ICC tourney 1979 (3 2)"]
[Site "Internet Chess Club"]
[Date "2020.08.28"]
[Round "8"]
[White "Chesschamp27"]
[Black "sanjayselvam"]
[Result "1-0"]
[ICCResult "Black checkmated"]
[WhiteElo "1502"]
[BlackElo "1456"]
[Opening "Queen's pawn game"]
[ECO "D05"]
[NIC "QP.06"]
[Time "21:45:04"]
[TimeControl "180+2"]

1. d4 Nf6 2. Nf3 d5 3. e3 e6 4. Bd3 Be7 5. Nbd2 O-O 6. Qe2 c6 7. c3 b6 8. e4
dxe4 9. Nxe4 Nbd7 10. Nxf6+ Nxf6 11. Bg5 h6 12. Bxf6 Bxf6 13. Qe4 g6 14.
Qxc6 Rb8 15. Qe4 Bb7 16. Qe3 Bg7 17. O-O-O Bd5 18. Kb1 b5 19. Ne5 a5 20. h4
h5 21. Rhg1 Bxe5 22. dxe5 Qxh4 23. g4 hxg4 24. Be2 Bf3 25. Bxf3 gxf3 26. Rh1
Qg4 27. Qh6 Qf5+ 28. Ka1 Rfe8 29. Qh8# {Black checkmated} 1-0

[Event "ICC tourney 1979 (3 2)"]
[Site "Internet Chess Club"]
[Date "2020.08.28"]
[Round "8"]
[White "JGroder"]
[Black "NonnaThat"]
[Result "0-1"]
[ICCResult "White checkmated"]
[WhiteElo "1497"]
[BlackElo "1872"]
[Opening "Pirc: classical system, 5.Be2"]
[ECO "B08"]
[NIC "PU.03"]
[Time "21:45:40"]
[TimeControl "180+2"]

1. e4 Nf6 2. Nc3 d6 3. d4 g6 4. Nf3 Bg7 5. Be2 O-O 6. Be3 e5 7. dxe5 dxe5 8.
Qxd8 Rxd8 9. Rd1 Rxd1+ 10. Bxd1 Nc6 11. a3 h6 12. h3 Be6 13. Be2 Rd8 14. O-O
Nd4 15. Nxe5 Nxc2 16. Bc1 Nxe4 17. Nxf7 Nxc3 18. Nxd8 Nxe2+ 19. Kh1 Bd5 20.
Re1 Ncd4 21. Be3 Kf8 22. Bxd4 Nxd4 23. Rd1 Ke7 24. Nxb7 Bxb7 25. b4 a6 26.
Rc1 Kd6 27. a4 Bd5 28. f3 Be5 29. h4 Ne2 30. Rc5 Ng3+ 31. Kg1 Bd4+ 32. Kh2
Bxc5 33. bxc5+ Kxc5 34. Kxg3 Kb4 35. Kf4 Kxa4 36. g4 Kb3 37. h5 gxh5 38.
gxh5 Bf7 39. Ke5 Bxh5 40. f4 Bg4 41. f5 Bxf5 42. Kxf5 h5 43. Kg5 a5 44. Kxh5
a4 45. Kg5 a3 46. Kf5 a2 47. Ke6 a1=Q 48. Kd7 Qe5 49. Kc6 Qd6+ 50. Kb7 c5
51. Ka7 c4 52. Kb7 c3 53. Ka7 c2 54. Kb7 c1=Q 55. Ka7 Qcc7+ 56. Ka8 Qdd8#
{White checkmated}
0-1

[Event "ICC tourney 1979 (3 2)"]
[Site "Internet Chess Club"]
[Date "2020.08.28"]
[Round "8"]
[White "drberkley"]
[Black "challenger2010"]
[Result "0-1"]
[ICCResult "White forfeits on time"]
[WhiteElo "1605"]
[BlackElo "2024"]
[Opening "Sicilian: closed"]
[ECO "B23"]
[NIC "SI.44"]
[Time "21:45:02"]
[TimeControl "180+2"]

1. e4 c5 2. Nc3 e6 3. f4 Nc6 4. Nf3 Nge7 5. d4 cxd4 6. Nxd4 g6 7. Be3 Bg7 8.
Nxc6 bxc6 9. Be2 O-O 10. O-O d5 11. Qe1 Rb8 12. exd5 exd5 13. Bxa7 Rxb2 14.
Na4 Rxc2 15. Bd3 Bxa1 16. Bxc2 Bg7 17. Bc5 Re8 18. Qf2 Bf5 19. Bxe7 Qxe7 20.
Bxf5 Qb4 21. Qc2 Bd4+ 22. Kh1 gxf5 23. Qxf5 Qxa4 24. Qg5+ Bg7 25. f5 Qc4 26.
Rg1 Qc3 27. Rf1 h6 28. Qg4 Re1 29. Qf4 Rxf1+ 30. Qxf1 d4 31. h3 d3 32. Qf4
d2 33. f6 d1=Q+ {White forfeits on time} 0-1

[Event "ICC tourney 1979 (3 2)"]
[Site "Internet Chess Club"]
[Date "2020.08.28"]
[Round "8"]
[White "CastledQueen"]
[Black "aryababu25"]
[Result "1-0"]
[ICCResult "Black forfeits on time"]
[WhiteElo "1478"]
[BlackElo "1337"]
[Opening "Danish gambit"]
[ECO "C21"]
[NIC "KP.04"]
[Time "21:45:19"]
[TimeControl "180+2"]

1. e4 e5 2. d4 exd4 3. c3 c6 4. cxd4 d5 5. e5 Bf5 6. Nc3 Bb4 7. Bd3 Bg6 8.
Ne2 Ne7 9. O-O O-O 10. f4 Bh5 11. f5 Qb6 12. Be3 Nd7 13. Qd2 Rac8 14. f6 Ng6
15. fxg7 Kxg7 16. Bh6+ Kg8 17. Qg5 Bxe2 18. Nxe2 Be7 19. Qe3 Rfe8 20. e6 Nf6
21. exf7+ Kxf7 22. Bf5 Bf8 23. Qg5 Bxh6 24. Bxg6+ hxg6 25. Qxf6+ Kg8 26.
Qxg6+ Kh8 27. Qxh6+ Kg8 28. Qg6+ Kh8 29. Rf7 {Black forfeits on time} 1-0

[Event "ICC tourney 1979 (3 2)"]
[Site "Internet Chess Club"]
[Date "2020.08.28"]
[Round "8"]
[White "nbankulla"]
[Black "stgummadi"]
[Result "1-0"]
[ICCResult "Black forfeits on time"]
[WhiteElo "1180"]
[BlackElo "1042"]
[Opening "Sicilian: Canal-Sokolsky attack, 3...Bd7"]
[ECO "B52"]
[NIC "SI.01"]
[Time "21:45:52"]
[TimeControl "180+2"]

1. e4 c5 2. Nf3 d6 3. Bb5+ Bd7 4. Bxd7+ Qxd7 5. Nc3 Nf6 6. d3 Nc6 7. Bg5 e6
8. O-O Be7 9. Re1 O-O 10. Qe2 Qd8 11. Rad1 a6 12. d4 cxd4 13. Nxd4 Nxe4 14.
Bxe7 Nxc3 15. bxc3 Nxd4 16. cxd4 Qxe7 17. d5 Rfe8 18. h3
{Black forfeits on time}
1-0

[Event "ICC tourney 1979 (3 2)"]
[Site "Internet Chess Club"]
[Date "2020.08.28"]
[Round "8"]
[White "UltimateDL"]
[Black "Snowzera"]
[Result "0-1"]
[ICCResult "White forfeits on time"]
[WhiteElo "1205"]
[BlackElo "1233"]
[Opening "Sicilian: Prins (Moscow) variation"]
[ECO "B55"]
[NIC "SI.01"]
[Time "21:45:03"]
[TimeControl "180+2"]

1. e4 c5 2. Nf3 d6 3. d4 cxd4 4. Nxd4 Nf6 5. f3 Nc6 6. c4 Nxd4 7. Qxd4 e5 8.
Qd1 Be6 9. Nc3 Be7 10. Be2 O-O 11. O-O Rc8 12. Bg5 Bxc4 13. Bxc4 Rxc4 14.
Bxf6 Bxf6 15. Nd5 Rc6 16. Qb3 b6 17. Rac1 Rxc1 18. Rxc1 Bg5 19. Rc4 h6 20.
Qa4 Qb8 21. Qc2 Kh7 22. Rc6 Rd8 23. Kf2 Qb7 24. g3 Qa6 25. h4 Bf6 26. a3 g5
27. Nxf6+ Kg6 28. Nd5 gxh4 29. gxh4 Kh5 30. Qc1 Qb5 {White forfeits on time}
0-1

[Event "ICC tourney 1979 (3 2)"]
[Site "Internet Chess Club"]
[Date "2020.08.28"]
[Round "8"]
[White "Snuffleupegus"]
[Black "Alec-hine"]
[Result "0-1"]
[ICCResult "White checkmated"]
[WhiteElo "1509"]
[BlackElo "1713"]
[Opening "Réti opening"]
[ECO "A05"]
[NIC "QP.11"]
[Time "21:45:08"]
[TimeControl "180+2"]

1. Nf3 Nf6 2. d3 d5 3. g3 g6 4. Bg2 Bg7 5. O-O O-O 6. Nc3 c6 7. Bf4 Qb6 8.
Rb1 Nbd7 9. Qd2 Re8 10. Bh6 Bh8 11. Rfe1 e5 12. e4 d4 13. Ne2 Ng4 14. h3
Nxh6 15. Qxh6 Bg7 16. Qd2 Nf8 17. Nh2 c5 18. f4 Qc7 19. Rf1 b6 20. f5 f6 21.
g4 g5 22. Ng3 c4 23. Nh5 Ba6 24. Nxg7 Kxg7 25. Nf3 h6 26. h4 Nd7 27. hxg5
hxg5 28. Kf2 Rh8 29. Rh1 Nc5 30. Ne1 Rac8 31. dxc4 Bxc4 32. Nd3 Bxd3 33.
cxd3 Qd7 34. Rbc1 Qb5 35. b4 Nxd3+ 36. Kg3 Nxc1 37. Rxh8 Kxh8 38. Bf3 Kg7
39. Qh2 Qf1 40. Qh5 Qg1+ 41. Bg2 Rc3# {White checkmated} 0-1

[Event "ICC tourney 1979 (3 2)"]
[Site "Internet Chess Club"]
[Date "2020.08.28"]
[Round "8"]
[White "stephenwilly"]
[Black "MIEMBR"]
[Result "0-1"]
[ICCResult "White checkmated"]
[WhiteElo "1468"]
[BlackElo "1520"]
[Opening "Sicilian: Taimanov variation"]
[ECO "B49"]
[NIC "SI.40"]
[Time "21:45:04"]
[TimeControl "180+2"]

1. e4 c5 2. Nf3 e6 3. d4 cxd4 4. Nxd4 Nc6 5. Nc3 Qc7 6. Be3 a6 7. Be2 Nf6 8.
O-O Bb4 9. Bf3 Ne5 10. Bf4 Nxf3+ 11. Qxf3 e5 12. Bg3 O-O 13. Nf5 Bxc3 14.
bxc3 d5 15. exd5 e4 16. Qe3 Qd8 17. Nd6 Nxd5 18. Qxe4 Nxc3 19. Qe5 Nb5 20.
Nxb5 axb5 21. Qxb5 Qf6 22. Be5 Qf5 23. Rfe1 Qxc2 24. Bxg7 Kxg7 25. Qe5+ Kg8
26. Qg5+ Qg6 27. Qe7 Be6 28. Qxb7 Kh8 29. Qb2+ Qg7 30. Qc2 Rg8 31. f3 Rad8
32. a4 Bh3 33. Ra2 Qd4+ 34. Kh1 Bxg2+ 35. Qxg2 Rxg2 36. Kxg2 Qg7+ 37. Kf2
Qd4+ 38. Re3 f5 39. Ke2 Qc4+ 40. Kf2 Qxa2+ 41. Kg3 Qxa4 42. Re7 Rg8+ 43. Kf2
Qc2+ 44. Ke3 Qc5+ 45. Kf4 Qxe7 46. Kxf5 Rf8+ 47. Kg4 Qg7+ 48. Kh4 Rxf3 49.
h3 Qf6+ 50. Kg4 Qf5+ 51. Kh4 Rxh3# {White checkmated} 0-1

[Event "ICC tourney 1979 (3 2)"]
[Site "Internet Chess Club"]
[Date "2020.08.28"]
[Round "8"]
[White "OctopusYule"]
[Black "hursha6b5"]
[Result "0-1"]
[ICCResult "White resigns"]
[WhiteElo "1593"]
[BlackElo "1611"]
[Opening "Giuoco Pianissimo"]
[ECO "C50"]
[NIC "IG.02"]
[Time "21:45:08"]
[TimeControl "180+2"]

1. e4 e5 2. Nf3 Nc6 3. Bc4 Bc5 4. d3 Nf6 5. c3 d6 6. h3 a6 7. Bb3 Ba7 8. O-O
h6 9. Nbd2 O-O 10. Re1 Nh5 11. Nf1 Qf6 12. Ng3 Nxg3 13. Be3 Bxe3 14. Rxe3
Nh5 15. d4 Nf4 16. dxe5 Nxe5 17. Nxe5 dxe5 18. Rf3 Be6 19. g3 Nxh3+ 20. Kg2
Qg6 21. Bxe6 Qxe6 22. Rf5 Ng5 23. Qg4 g6 24. Rxg5 hxg5 25. Qxg5 f5 26. Rh1
Kf7 27. Rh7+ Ke8 28. exf5 Rxf5 29. Qh6 Rf8 30. Qg7 Rd8 31. Qxc7 Qc6+ 32.
Qxc6+ bxc6 33. Rc7 Rf6 34. Ra7 c5 35. Rxa6 Rxa6 {White resigns} 0-1

[Event "ICC tourney 1979 (3 2)"]
[Site "Internet Chess Club"]
[Date "2020.08.28"]
[Round "8"]
[White "strangerthingz"]
[Black "blackjack721"]
[Result "1-0"]
[ICCResult "Black resigns"]
[WhiteElo "1381"]
[BlackElo "1315"]
[Opening "Giuoco Piano"]
[ECO "C50"]
[NIC "IG.02"]
[Time "21:45:05"]
[TimeControl "180+2"]

1. e4 e5 2. Nf3 Nc6 3. Bc4 Bc5 4. Nc3 d6 5. d3 Nge7 6. h3 Bd7 7. a3 a6 8.
O-O Qc8 9. Kh2 Nd4 10. Nxd4 exd4 11. Ne2 Nc6 12. Ng3 Ne5 13. Ba2 c6 14. Bf4
h5 15. Bxe5 dxe5 16. Qf3 Be6 17. Bxe6 Qxe6 18. Nf5 O-O-O 19. Nxg7 Qg6 20.
Qf5+ Qxf5 21. Nxf5 Rdg8 22. f4 exf4 23. Rxf4 Rg5 24. b4 Bb6 25. Nd6+ Kb8 26.
Nxf7 Rhg8 27. Nxg5 Bc7 28. Ne6 Bd6 29. Kg1 Bxf4 30. Nxf4 h4 31. Rf1 Rg3 32.
Rf3 Rg7 33. Ne6 Re7 34. Nxd4 Rd7 35. Nf5 Rc7 36. Nxh4 c5 37. Rf8+ Ka7 38. c4
cxb4 39. axb4 b6 40. Rf5 Rd7 41. Rd5 Rc7 42. Nf5 b5 43. cxb5 Rc1+ 44. Kh2
Kb6 45. bxa6 Kxa6 46. Ra5+ Kb6 47. Rc5 Rb1 48. Rc4 Kb5 49. e5 Rf1 50. Nd6+
Kb6 51. e6 Re1 52. Re4 Rf1 53. e7 Rd1 54. e8=Q Rxd3 55. Qd8+ Ka7 56. Nb5+
Ka6 57. Qxd3 {Black resigns} 1-0

[Event "ICC tourney 1979 (3 2)"]
[Site "Internet Chess Club"]
[Date "2020.08.28"]
[Round "8"]
[White "oxdidi"]
[Black "clair"]
[Result "1-0"]
[ICCResult "Black forfeits on time"]
[WhiteElo "1159"]
[BlackElo "1229"]
[Opening "Robatsch (modern) defense"]
[ECO "B06"]
[NIC "KF.05"]
[Time "21:45:09"]
[TimeControl "180+2"]

1. e4 g6 2. d4 Bg7 3. Nf3 e6 4. Nc3 Ne7 5. Bc4 d5 6. exd5 exd5 7. Bb3 c6 8.
O-O O-O 9. Bg5 h6 10. Bh4 g5 11. Bg3 Nf5 12. Re1 Nxg3 13. hxg3 Nd7 14. Qd3
Nf6 15. Ne5 Nd7 16. Ng4 Nf6 17. Ne5 Nd7 18. Ng4 Qc7 19. Ne2 Nc5 20. dxc5
Bxg4 21. c3 Rfe8 22. Bc2 Qa5 23. Qh7+ Kf8 24. f3 Be6 25. f4 Qxc5+ 26. Kh1
Bg4 27. Nd4 Re2 28. Nxe2 Re8 29. Nd4 Rxe1+ 30. Rxe1 Be6 31. Nxe6+ fxe6 32.
Rxe6 Qf2 33. Qg6 Qf1+ 34. Kh2 {Black forfeits on time} 1-0

[Event "ICC tourney 1979 (3 2)"]
[Site "Internet Chess Club"]
[Date "2020.08.28"]
[Round "8"]
[White "kurohaze"]
[Black "wildrumpus"]
[Result "1-0"]
[ICCResult "Black checkmated"]
[WhiteElo "1415"]
[BlackElo "1297"]
[Opening "Queen's Indian defense"]
[ECO "A47"]
[NIC "QP.06"]
[Time "21:44:57"]
[TimeControl "180+2"]

1. d4 Nf6 2. Nf3 b6 3. g3 Bb7 4. Bg2 g6 5. O-O Bg7 6. c4 O-O 7. Nc3 d6 8.
Re1 Nbd7 9. e4 e5 10. d5 Nc5 11. b4 Ncd7 12. a4 a5 13. bxa5 bxa5 14. Ba3 Nb6
15. Bf1 Qd7 16. c5 dxc5 17. Bxc5 Rfd8 18. Bxb6 cxb6 19. Bb5 Qd6 20. Rc1 Rac8
21. Qd3 Qb4 22. Na2 Qd6 23. Nc3 Rc7 24. Ne2 Rdc8 25. Rxc7 Rxc7 26. Ba6 Bxa6
27. Qxa6 Ne8 28. Qa8 Kf8 29. Rc1 Rxc1+ 30. Nxc1 Qa3 31. Qc6 Qd6 32. Qxd6+
Nxd6 33. Nd3 Nc4 34. h4 Ke7 35. Kg2 Kd6 36. Ng5 f5 37. exf5 gxf5 38. Nxh7 e4
39. Nf4 Nb2 40. Ng5 Nxa4 41. Nge6 Be5 42. h5 b5 43. h6 b4 44. h7 b3 45. Ng6
b2 46. Nxe5 b1=Q 47. h8=Q Kxd5 48. Nc7+ Kc5 49. Qf8+ Kb6 50. Nd5+ Ka6 51.
Qd6+ Nb6 52. Nc7+ Kb7 53. Ne6 e3 54. Qc6+ Ka6 55. Nc5+ Ka7 56. Qb7#
{Black checkmated}
1-0

[Event "ICC tourney 1979 (3 2)"]
[Site "Internet Chess Club"]
[Date "2020.08.28"]
[Round "8"]
[White "SuperBlueSky"]
[Black "BillietheKid"]
[Result "0-1"]
[ICCResult "White forfeits on time"]
[WhiteElo "1347"]
[BlackElo "1472"]
[Opening "QGD: 4.Bg5"]
[ECO "D38"]
[NIC "QO.16"]
[Time "21:45:10"]
[TimeControl "180+2"]

1. d4 d5 2. c4 Nf6 3. Nc3 e6 4. Bg5 Bb4 5. Nf3 c5 6. cxd5 cxd4 7. Qa4+ Nc6
8. dxc6 Bxc3+ 9. bxc3 bxc6 10. cxd4 O-O 11. e3 h6 12. Bxf6 Qxf6 13. Qxc6 Rb8
14. Be2 Rb2 15. Qc3 Rxe2+ 16. Kxe2 Ba6+ 17. Kd2 Rc8 18. Qa3 Bc4 19. Rac1 Qf5
20. Qc3 g5 21. h3 Ba6 22. Qa3 Bc4 23. Rxc4 Rxc4 24. Rc1 Rxc1 25. Qxc1 Qa5+
26. Ke2 Qxa2+ 27. Qd2 Qc4+ 28. Qd3 Qa2+ 29. Nd2 a5 30. Qb3 Qa1 31. Kf3 a4
32. Qb1 Qc3 {White forfeits on time} 0-1

[Event "ICC tourney 1979 (3 2)"]
[Site "Internet Chess Club"]
[Date "2020.08.28"]
[Round "8"]
[White "jthebest"]
[Black "Aadarsh99"]
[Result "0-1"]
[ICCResult "White forfeits on time"]
[WhiteElo "1208"]
[BlackElo "1296"]
[Opening "French: exchange variation"]
[ECO "C01"]
[NIC "FR.01"]
[Time "21:45:07"]
[TimeControl "180+2"]

1. e4 e6 2. d4 d5 3. exd5 exd5 4. c4 Nf6 5. Nf3 c5 6. Bf4 cxd4 7. Nxd4 Nc6
8. Nc3 Bb4 9. Qb3 Qe7+ 10. Ne2 d4 11. a3 dxc3 12. axb4 cxb2 13. Qxb2 Qxb4+
14. Qd2 Qxc4 15. Nc3 Qe6+ 16. Be2 O-O 17. O-O Re8 18. Rfe1 Qe7 19. Bd3 Qd8
20. h3 Be6 21. Nb5 Rc8 22. Nc7 Rxc7 23. Bxc7 Qxc7 24. Rac1 Rd8 25. Re3 Bf5
26. Qc3 Rxd3 27. Rxd3 Bxd3 28. Qxd3 Qe7 29. Qb3 h6 30. Rb1 b6 31. Qa4 Ne5
32. Rc1 Nd3 33. Rc2 Qb4 34. Rc8+ Kh7 35. Qxa7 Qe1+ 36. Kh2 Qxf2 37. Qxf7
Ng4+ {White forfeits on time} 0-1

[Event "ICC tourney 1979 (3 2)"]
[Site "Internet Chess Club"]
[Date "2020.08.28"]
[Round "8"]
[White "Baggs"]
[Black "Checkmatestone"]
[Result "0-1"]
[ICCResult "White checkmated"]
[WhiteElo "1238"]
[BlackElo "1460"]
[Opening "Queen's pawn game"]
[ECO "A45"]
[NIC "QP.07"]
[Time "21:45:52"]
[TimeControl "180+2"]

1. d4 Nf6 2. Nc3 e6 3. Bf4 d5 4. Nf3 Bb4 5. e3 Ne4 6. Qd3 O-O 7. Be2 b6 8.
O-O Ba6 9. Qd1 Nxc3 10. bxc3 Bxc3 11. Rb1 Bxe2 12. Qxe2 a5 13. Rb3 Bb4 14.
c4 Nc6 15. cxd5 exd5 16. Rc1 Qd7 17. Qb5 Nb8 18. Qxd7 Nxd7 19. Rxc7 Rac8 20.
g3 Rxc7 21. Bxc7 Rc8 22. Bf4 f6 23. h4 h6 24. g4 g5 25. hxg5 hxg5 26. Bg3
Kf7 27. a3 Rc3 28. Rxc3 Bxc3 29. a4 b5 30. axb5 Bb4 31. Kf1 a4 32. Ne1 Bxe1
33. Kxe1 a3 34. f4 a2 35. fxg5 fxg5 36. Ke2 a1=Q 37. Bd6 Qb2+ 38. Kf3 Qxb5
39. Bc5 Nxc5 40. dxc5 Qxc5 41. e4 Qc3+ 42. Kf2 dxe4 43. Ke2 Ke6 44. Kf2 Ke5
45. Ke2 Kf4 46. Kf2 Qd2+ 47. Kf1 Kg3 48. Kg1 Qg2# {White checkmated} 0-1

[Event "ICC tourney 1979 (3 2)"]
[Site "Internet Chess Club"]
[Date "2020.08.28"]
[Round "8"]
[White "rcsong"]
[Black "PearsonH"]
[Result "0-1"]
[ICCResult "White checkmated"]
[WhiteElo "1434"]
[BlackElo "1450"]
[Opening "English opening"]
[ECO "D35"]
[NIC "EO.64"]
[Time "21:45:52"]
[TimeControl "180+2"]

1. c4 e6 2. Nc3 d5 3. cxd5 exd5 4. d4 Nf6 5. g3 c6 6. Bg2 Be7 7. e4 Nxe4 8.
Nxe4 dxe4 9. Bxe4 Bf6 10. Ne2 Bg4 11. f3 Be6 12. O-O Bd5 13. Be3 O-O 14. Nf4
Re8 15. Qd3 Bxe4 16. fxe4 Nd7 17. e5 Be7 18. Ne2 f6 19. exf6 Nxf6 20. Nc3
Nd5 21. Ne4 Nxe3 22. Qxe3 Bd6 23. Qb3+ Kh8 24. Qxb7 Rxe4 25. Qxc6 Re7 26.
Rae1 Rxe1 27. Rxe1 Rc8 28. Qb7 Qc7 29. Qb5 Qd8 30. Qb7 Rb8 31. Qc6 h6 32. a3
Bc7 33. d5 Qd6 34. Qc4 Rd8 35. b4 Bb6+ 36. Kf1 Qxd5 37. Qh4 Qf3#
{White checkmated}
0-1